 Dungeon Crawl Stone Soup version 0.19.5 (webtiles) character file.

140 Hybris the Cudgeler (level 5, 0/54 HPs)
             Began as an Ogre Fighter on Apr 2, 2017.
             Slain by Grinder (2 damage)
             ... on level 3 of the Dungeon.
             The game lasted 00:04:51 (1661 turns).

Hybris the Cudgeler (Ogre Fighter)                  Turns: 1661, Time: 00:04:52

Health: 0/54       AC:  6    Str: 27    XL:     5   Next: 23%
Magic:  5/5        EV:  8    Int:  7    God:
Gold:   156        SH:  9    Dex:  9    Spells: 0 memorised, 4 levels left

rFire  . . .     SeeInvis .     a - +0 flail
rCold  . . .     Gourm    .     b - +0 robe
rNeg   . . .     Faith    .     c - +0 shield
rPois  .         Spirit   .     (helmet restricted)
rElec  .         Reflect  .     (no cloak)
rCorr  .         Harm     .     (gloves unavailable)
MR     .....                    (boots unavailable)
Stlth  +.........               (no amulet)
                                (no ring)
                                i - +3 ring of protection

@: mighty
A: unfitting armour, tough skin 1
a: no special abilities


You were on level 3 of the Dungeon.
You were hungry.

You visited 1 branch of the dungeon, and saw 3 of its levels.

You collected 156 gold pieces.

Inventory:

Hand Weapons
 a - a +0 flail (weapon)
Armour
 b - a +0 robe (worn)
 c - a +0 shield (worn)
Jewellery
 i - a +3 ring of protection (left hand)
Scrolls
 g - 2 scrolls of identify
 h - a scroll of enchant weapon {unknown}
 k - a scroll of teleportation {unknown}
 l - a scroll of blinking {unknown}
 n - a scroll of amnesia {unknown}
 o - a scroll of magic mapping {unknown}
 p - a scroll of remove curse {unknown}
 r - a scroll of recharging {unknown}
 t - a scroll of fear {unknown}
Potions
 e - 4 potions of curing
 j - 2 potions of invisibility {unknown}
Books
 m - a book of Cantrips

   Spells                             Type                      Level
   a - Confusing Touch                Hexes                        1
   b - Animate Skeleton               Necromancy                   1
   c - Summon Small Mammal            Summoning                    1
   d - Apportation                    Translocation                1
Comestibles
 f - 3 bread rations
 q - a beef jerky
 s - a chunk of flesh


   Skills:
 - Level 4.0 Fighting
 * Level 6.9 Maces & Flails
 - Level 2.6 Dodging
 - Level 2.6 Shields


You had 4 spell levels left.
You didn't know any spells.

Dungeon Overview and Level Annotations

Branches:
Dungeon (3/15)

Altars:

Annotations:
D:3 Grinder


Innate Abilities, Weirdness & Mutations

You are too large for most types of armour.
You have tough skin. (AC +1)


Message History

Grinder blinks!
You hit Grinder.
Grinder is moderately wounded.
You block Grinder's attack.
You closely miss Grinder.
Grinder is moderately wounded.
You block Grinder's attack. Grinder barely misses you.
You sock Grinder!
Grinder is heavily wounded.
Grinder hits you.
* * * LOW HITPOINT WARNING * * *
You writhe in agony.
* * * LOW HITPOINT WARNING * * *
You feel better. Grinder closely misses you.
You thump Grinder!
Grinder is almost dead.
Grinder hits you!
* * * LOW HITPOINT WARNING * * *
You writhe in agony.
You die...

..# ..# ..#
##[## # ...
.##.. #.#
... #.##.#
#######
...####5...#
#..<..#
#.....@...#
#.....#
######..#..#
#...รท.#
#..##...#
#.....#
#####..#
##.# ###.###
##......# #
#.#
#..####..#
#.# ###.##
#.# #.#
#...# .#
#.####.###
..


You could see Grinder.

Vanquished Creatures
  A bullfrog (D:3)
  Ijyb (D:2)
  An adder (D:2)
  An ooze (D:3)
  An orc (D:3)
  4 giant cockroaches
  6 goblins
  3 hobgoblins (D:1)
  2 jackals
  8 kobolds
  A ball python (D:1)
  2 bats
  4 frilled lizards
  3 rats
38 creatures vanquished.

Notes
Turn   | Place    | Note
-------+----------+-------------------------------------------
     0 | D:1      | Hybris the Ogre Fighter began the quest for the Orb.
     0 | D:1      | Reached XP level 1. HP: 24/24 MP: 1/1
    27 | D:1      | Reached skill level 3 in Maces & Flails
    89 | D:1      | Reached XP level 2. HP: 21/32 MP: 2/2
   295 | D:1      | Reached skill level 4 in Maces & Flails
   868 | D:2      | Reached XP level 3. HP: 35/39 MP: 3/3
  1062 | D:2      | Reached skill level 5 in Maces & Flails
  1487 | D:2      | Noticed Ijyb
  1499 | D:2      | Killed Ijyb
  1499 | D:2      | Reached XP level 4. HP: 43/48 MP: 4/4
  1588 | D:3      | Noticed Grinder
  1591 | D:3      | Noticed a bullfrog
  1652 | D:3      | Killed a bullfrog
  1652 | D:3      | Reached skill level 6 in Maces & Flails
  1652 | D:3      | Reached XP level 5. HP: 11/54 MP: 5/5
  1659 | D:3      | HP: 1/54 [Grinder (5)]
  1661 | D:3      | Slain by Grinder

Skill      XL: |  1  2  3  4 |
---------------+-------------+-----
Maces & Flails | 3 4 5 6 |  6.9
Fighting       | |  4.0
Dodging        | |  2.6
Shields        | |  2.6

Action                   |  1- 3 |  4- 6 || total
-------------------------+-------+-------++-------
Melee: Flail             |   100 |    30 ||   130
  Use: Potion            |       |     2 ||     2
       Scroll            |       |     1 ||     1
  Eat: Chunk             |     1 |     1 ||     2
Armor: Robe              |    30 |    10 ||    40
Dodge: Dodged            |    36 |    11 ||    47
Block: Shield            |    55 |    15 ||    70
